 Dungeon Crawl Stone Soup version bcrawl-1.37.2 (webtiles) character file.

Game seed: 2373685902577656514

245654 Mehrunes the Magician (level 8, -13/48 HPs)
             Began as an Avariel Fire Elementalist on Nov 5, 2022.
             Mangled by an ogre
             ... wielding a +0 giant spiked club
              (17 damage)
             ... on level 5 of the Dungeon.
             The game lasted 00:05:51 (3987 turns).

Mehrunes the Magician (Avariel Fire Elementalist)   Turns: 3987, Time: 00:05:52

Health: -13/48     AC:  3    Str:  6    XL:     8   Next: 11%
Magic:  17/18      EV: 13    Int: 24    God:
Gold:   322        SH:  0    Dex: 13    Spells: 5/18 levels left

rFire    . . .     GDR:     25% n - +2 short sword (speed)
rCold    + . .     SeeInvis .   (no shield)
rNeg     . . .     Gourm    .   y - +0 robe {rC+}
rPois    .         Faith    .   v - +0 helmet
rElec    +         Spirit   .   (no cloak)
rCorr    .         Reflect  .   (no gloves)
MR       .....                  (no boots)
Stlth    ++........             (no amulet)
HPRegen  0.18/turn              h - ring of insulation
MPRegen  0.16/turn              (no ring)

@: no status effects
A: no striking features
a: no special abilities


You were on level 5 of the Dungeon.
You were hungry.

You visited 1 branch of the dungeon, and saw 5 of its levels.

You collected 322 gold pieces.

Inventory:

Hand Weapons
 k - a +0 short sword
 n - a +2 short sword of speed (weapon)
Missiles
 d - 874 stones (quivered)
Armour
 a - a +0 robe
 v - a +0 helmet (worn)
 y - a +0 robe of cold resistance (worn)
Jewellery
 h - a ring of insulation (left hand)
Wands
 b - a wand of charming (13)
Scrolls
 f - 2 scrolls of noise
 i - 7 scrolls of identify
 j - 6 scrolls of teleportation
 l - 2 scrolls of immolation
 m - 2 scrolls of remove curse
 t - 2 scrolls of magic mapping
 w - a scroll of enchant armour
Potions
 g - 3 potions of curing {unknown}
 o - a potion of heal wounds {unknown}
 p - 5 potions of lignification {unknown}
 q - a potion of berserk rage {unknown}
 r - 4 potions of haste {unknown}
 s - a potion of agility {unknown}
 u - a potion of brilliance {unknown}
 x - a potion of mutation {unknown}
Comestibles
 c - a chunk of flesh
 e - 9 rations {!d}


   Skills:
 + Level 3.6 Fighting
 + Level 3.7 Dodging
 - Level 2.1 Stealth
 + Level 5.7 Spellcasting
 + Level 5.6 Conjurations
 + Level 5.7 Fire Magic


You had 5 spell levels left.
You knew the following spells:

 Your Spells              Type           Power        Failure   Level  Hunger
a - Flame Tongue          Conj/Fire      ####.        1%          1    None
b - Conjure Flame         Conj/Fire      ####....     2%          3    ##.....
c - Sticky Flame          Conj/Fire      ####....     8%          4    ####...
d - Fireball              Conj/Fire      ####......   22%         5    ######.

Your spell library contained the following spells:

 Spells                   Type           Power        Failure   Level  Hunger
 Flaming Arrows           Chrm/Fire      ###.....     3%          2    None
 Inner Flame              Hex/Fire       N/A          8%          3    ##.....


Dungeon Overview and Level Annotations

Branches:
Dungeon (5/12)
 Temple: D:4-7

Altars:
Ashenzari
Dithmenos
Elyvilon
Lugonu
Nemelex Xobeh
Ru
Wu Jian
Xom

Shops:
D:4 !


Message History

You kill the adder!
Casting: Flame Tongue (safe; 1% risk of failure)
Confirm with . or Enter, or press ? or * to list all spells.
You can't see any susceptible monsters within range! (Use Z to cast anyway.)
You start resting.
The ogre is too close now for your liking.
The ogre hits you with a +0 giant spiked club!!
The ogre hits you with a +0 giant spiked club!!
Ouch! That really hurt!
* * * LOW HITPOINT WARNING * * *
Casting: Flame Tongue (safe; 1% risk of failure)
Confirm with . or Enter, or press ? or * to list all spells.
Aiming: Flame Tongue (safe; 1% risk of failure)
Press: ? - help, Shift-Dir - straight line, f - ogre
Aim: an ogre, wielding a +0 giant spiked club The flame tongue hits the ogre.
The ogre is lightly wounded.
You are feeling hungry.
The ogre hits you with a +0 giant spiked club!
You die...

.#
*,,****,,,,,,,,,,,,,,,,****,,,
.##**,,,**,,,,,,,......,,,*
**,* ..#
***,,,*,,,,,......,,*** *,*
..# ***,,,,>,,......,** *,*
..## ****#,##.....,,*** *,*
...## #.#(....**,,,*** *,*
##..#### #.#.#.#*****,,,* *,*
##.รท..## #....?# ***,** *,,
####..#######.@.#### *,,* **,
##........O.....#** **,** **
########.(...#...#* *,,*
*,,,....##.#*#..****,*
****,*##..##*...,,.,,,*,****
*,,,,**..## *####,,,,,,,,,,,
*,****#$#* *****,*,***, ***
#.*************,,,,,,,
#.,,,,,,,,,,,,,,,,,,**


You could see an ogre.

Vanquished Creatures
  A hungry ghost (D:4)
  Menkaure (D:4)
  3 phantoms
  A scorpion (D:4)
  A centaur (D:3)
  A gnoll shaman (D:4)
  A hound (D:3)
  An iguana (D:5)
  A worker ant (D:4)
  4 gnolls (D:4)
  5 adders
  A worm (D:2)
  An adder zombie (D:4)
  2 dart slugs
  9 leopard geckos
  10 orcs
  5 bats
  2 giant cockroaches
  10 hobgoblins
  9 jackals
  15 kobolds
  5 quokkas
  5 ball pythons
  4 goblins
  A jackal skeleton (D:4)
  5 rats
104 creatures vanquished.

Notes
Turn   | Place    | Note
-------+----------+-------------------------------------------
     0 | D:1      | Mehrunes the Avariel Fire Elementalist began the quest for
                  | the Orb.
     0 | D:1      | Reached XP level 1. HP: 10/10 MP: 6/6
   141 | D:1      | Reached XP level 2. HP: 15/16 MP: 3/7
   431 | D:1      | Reached XP level 3. HP: 20/20 MP: 6/9
   627 | D:1      | Reached skill level 1 in Fighting
   949 | D:2      | Learned a level 3 spell: Conjure Flame
  1116 | D:2      | Reached XP level 4. HP: 22/25 MP: 8/10
  1496 | D:3      | Reached XP level 5. HP: 26/29 MP: 4/12
  1637 | D:3      | Learned a level 4 spell: Sticky Flame
  2084 | D:3      | Noticed a phantom
  2102 | D:3      | Killed a phantom
  2103 | D:3      | Reached XP level 6. HP: 35/35 MP: 4/14
  2657 | D:3      | Learned a level 5 spell: Fireball
  2718 | D:4      | Found a corrupted altar of Lugonu.
  2724 | D:4      | Found an ornate altar of the Wu Jian Council.
  2724 | D:4      | Found a shimmering altar of Xom.
  2725 | D:4      | Found a sparkling altar of Nemelex Xobeh.
  2738 | D:4      | Found a shattered altar of Ashenzari.
  2739 | D:4      | Found a white marble altar of Elyvilon.
  2858 | D:4      | Noticed a hungry ghost
  2866 | D:4      | Killed a hungry ghost
  2867 | D:4      | Reached XP level 7. HP: 40/40 MP: 8/16
  2942 | D:4      | Reached skill level 5 in Spellcasting
  2942 | D:4      | Reached skill level 5 in Fire Magic
  3100 | D:4      | Noticed Menkaure
  3107 | D:4      | Killed Menkaure
  3108 | D:4      | Reached skill level 5 in Conjurations
  3509 | D:4      | Found Kuyk Xit's Distillery.
  3545 | D:4      | Found a shadowy altar of Dithmenos.
  3557 | D:4      | Reached XP level 8. HP: 46/46 MP: 10/18
  3605 | D:4      | Found a sacrificial altar of Ru.
  3915 | D:5      | Entered Level 5 of the Dungeon
  3987 | D:5      | Mangled by an ogre

Skill      XL: |  1  2  3  4  5  6  7 |
---------------+----------------------+-----
Spellcasting   | 3 4 5 |  5.7
Conjurations   | 2 3 4 5 |  5.6
Fighting       | 1 2 3 |  3.6
Dodging        | 3 |  3.7
Fire Magic     | 4 5 |  5.7
Stealth        | |  2.1

Action                   |  1- 3 |  4- 6 |  7- 9 || total
-------------------------+-------+-------+-------++-------
Melee: Unarmed           |     7 |       |       ||     7
       Short sword       |       |       |     3 ||     3
 Cast: Flame Tongue      |    59 |    83 |    65 ||   207
       Conjure Flame     |       |       |     1 ||     1
       Sticky Flame      |       |       |     1 ||     1
Evoke: Wand              |       |       |     4 ||     4
  Use: Scroll            |       |       |     7 ||     7
  Eat: Chunk             |     2 |     5 |     6 ||    13
Armor: Robe              |     5 |     7 |       ||    12
Dodge: Dodged            |    27 |    29 |    16 ||    72
